 Dungeon Crawl Stone Soup version 0.17.1-1-g73c8601 (webtiles) character file.

43848 devsta the Basher (level 14, -25/110 HPs)
             Began as a Human Berserker on Dec 26, 2015.
             Was the Champion of Trog.
             Killed from afar by Aizul (39 damage)
             ... with a poison arrow
             ... on level 2 of the Swamp.
             The game lasted 02:08:26 (22536 turns).

devsta the Basher (Human Berserker)                Turns: 22536, Time: 02:08:27

Health: -25/110    AC: 31    Str: 30    XL:     14   Next: 62%
Magic:  14/14      EV: 10    Int:  8    God:    Trog [******]
Gold:   612        SH: 16    Dex: 13    Spells: 0 memorised, 13 levels left

rFire  + + .     SeeInvis .     G - +2 morningstar (protect)
rCold  . . .     Clarity  +     B - +0 plate armour
rNeg   . . .     SustAt   .     E - +2 shield of Resistance {rF+ rC+ MR+}
rPois  .         Gourm    .     s - +2 helmet
rElec  .         Spirit   .     R - +2 cloak
rCorr  .         Warding  .     l - +2 pair of gloves {Str+3}
rMut   .         Stasis   .     C - +0 pair of boots
MR     ++++.                    f - amulet of clarity
Stlth  ..........               T - ring of invisibility
                                y - ring of fire

@: mighty, lethally poisoned (-25 -> -26), exhausted, regenerating, slowed,
studying Ice Magic, very slow, incredibly resistant to hostile enchantments,
extremely unstealthy
A: no striking features
a: Berserk, Trog's Hand, Brothers in Arms, Burn Spellbooks, Renounce Religion,
Evoke Invisibility


You were on level 2 of the Swamp.
You worshipped Trog.
Trog was exalted by your worship.
You were not hungry.

You visited 3 branches of the dungeon, and saw 15 of its levels.
You also visited: Ice Cave.

You collected 817 gold pieces.
You spent 205 gold pieces at shops.

Inventory:

Hand Weapons
 g - a +5 flail of protection
 G - a +2 morningstar of protection (weapon)
 J - a +4 antimagic demon blade
Armour
 l - a +2 pair of gloves of strength (worn)
 s - a +2 helmet (worn)
 B - a +0 plate armour (worn)
 C - a +0 pair of boots (worn)
 E - the +2 shield of Resistance (worn) {rF+ rC+ MR+}
   (You found it on level 6 of the Dungeon)

   It protects you from fire.
   It protects you from cold.
   It affects your resistance to hostile enchantments.
 R - a +2 cloak (worn)
Jewellery
 f - an amulet of clarity (around neck)
 y - a ring of fire (left hand)
 A - an uncursed ring of ice
 T - a ring of invisibility (right hand)
Wands
 d - a wand of frost (21)
 e - a wand of slowing (20)
 h - a wand of frost (37)
 k - a wand of random effects (4)
 u - a wand of polymorph (8)
 v - a wand of draining (2)
 w - a wand of frost (20)
 H - a wand of confusion (19)
 L - a wand of frost (18)
 N - a wand of polymorph (10)
 Z - a wand of frost (11)
Scrolls
 a - a scroll of holy word
 i - a scroll of enchant weapon
 z - a scroll of enchant armour
 D - 2 scrolls of remove curse
 K - 2 scrolls of teleportation
 P - a scroll of magic mapping {unknown}
 S - 2 scrolls of fear
 W - a scroll of blinking {unknown}
 X - a scroll of recharging {unknown}
Potions
 b - 3 potions of curing
 m - a potion of resistance
 n - a potion of ambrosia
 o - 3 potions of haste
 p - 3 potions of heal wounds
 q - 3 potions of invisibility
 r - 3 potions of brilliance
 x - 2 potions of lignification
 I - a potion of beneficial mutation {unknown}
 Q - 2 potions of mutation
 U - 3 potions of might
 V - a potion of berserk rage
Books
 O - a manual of Ice Magic Trog disapproves of the use of such an item.
 Y - a manual of Ice Magic Trog disapproves of the use of such an item.
Comestibles
 c - 6 bread rations
 j - 3 chunks of flesh
 t - 4 fruits
 F - 7 royal jellies


   Skills:
 + Level 10.2 Fighting
 + Level 12.7 Maces & Flails
 + Level 8.3 Throwing
 + Level 10.4 Armour
 + Level 5.4 Dodging
 + Level 2.1 Stealth
 + Level 12.2 Shields
 + Level 1.0 Evocations


You had 13 spell levels left.
You didn't know any spells.

Dungeon Overview and Level Annotations

Branches:
Dungeon (9/15)             Temple (0/1) D:4            Lair (4/8) D:9
  Swamp (2/4) Lair:4
  Snake: Lair:3-6    Spider: Lair:3-6       Orc: D:9-12

Altars:
Ashenzari
Cheibriados
Fedhas
Makhleb
Nemelex Xobeh
Okawaru
Qazlal
Ru
Zin

Shops:
D:5 [   D:8 (   D:9 *

Annotations:
Swamp:2 Aizul, Frances


Message History

You feel very sick. Aizul hits you.
* * * LOW HITPOINT WARNING * * *
Aizul hits you.
* * * LOW HITPOINT WARNING * * *
Drink which item? (? for menu, Esc to quit)
You're too exhausted to go berserk.
Drink which item? (? for menu, Esc to quit)
You feel very mighty all of a sudden.
You feel sick. You block Aizul's attack.
Aizul coils himself and waves his upper body at you.
The poison arrow hits you!
You are more poisoned.
* * * LOW HITPOINT WARNING * * *
Drink which item? (? for menu, Esc to quit)
You feel better. Aizul casts a spell at you. The poison arrow hits you!
You are poisoned.
You die...

.♣.≈♣♣ ♣♣ ♣<≈≈≈♣ ≈≈≈.. ♣..
♣♣..≈≈♣ ≈≈≈§≈≈≈...≈≈
....♣.≈≈≈.♣ ≈≈≈≈≈≈♣≈.....♣♣
.§....≈.≈<♣ ≈≈♣≈≈≈≈.≈♣ .≈.♣
≈..≈.≈≈...♣ ......≈≈≈♣ ..♣
≈§≈.♣≈≈...♣♣ ≈§≈♣≈..≈.♣ ♣.♣ ≈≈
.♣.≈≈≈..♣
≈≈..≈.≈≈.♣♣♣♣S♣♣≈...♣.≈♣≈≈.♣♣
♣.≈≈≈≈♣.♣♣≈@♣.≈≈♣...≈♣≈≈..♣♣
♣.≈≈≈.≈...≈≈≈≈≈≈≈.≈≈≈≈≈♣♣.≈.
....≈≈≈≈≈≈.≈≈..[≈≈..≈.≈≈≈...≈≈
.≈≈≈....≈≈≈≈≈≈≈.≈♣.≈≈≈≈≈≈.♣§..
≈≈≈≈≈..≈.≈≈≈≈.≈≈≈.<≈≈.≈≈≈....♣
≈≈≈≈≈≈..≈≈.♣≈.(..≈.≈≈.≈≈.≈≈≈.♣
≈≈≈≈≈≈.....≈♣≈≈.≈§.≈♣...≈≈≈..♣
.≈≈≈≈≈≈.≈≈♣.≈≈≈≈§≈≈≈..♣≈≈....♣
>.≈≈≈≈≈.≈≈≈≈≈.>≈≈≈..♣.≈≈≈≈≈.♣♣


You could see Aizul.

Vanquished Creatures
  The ghost of Gargoyl the Cleaver, a journeyman DsAK of Lugonu (Lair:2)
  7 hydras
  Erica (D:8)
  4 alligators
  A shambling mangrove (Swamp:1)
  Pikel (D:8)
  A necromancer (IceCv)
  9 elephants (Lair:3)
  Maurice (D:8)
  Joseph (D:8)
  An ice statue (IceCv)
  A torpor snail (Lair:2)
  6 spiny frogs
  3 komodo dragons (Lair:3)
  10 freezing wraiths (IceCv)
  A queen bee (Lair:1)
  2 trolls (D:9)
  Grinder (D:5)
  Prince Ribbit (D:6)
  A two-headed ogre (D:5)
  2 giant leeches
  2 bog bodies (Swamp:1)
  5 slime creatures (Swamp:2)
  A wyvern (D:8)
  3 basilisks
  2 vampire mosquitoes (Swamp:1)
  52 yaks
  6 hippogriffs
  14 insubstantial wisps
  Edmund (D:4)
  2 death yak simulacra (IceCv)
  10 swamp worms
  10 water moccasins
  7 porcupines
  Duvessa (D:5)
  4 orc warriors
  2 sky beasts
  7 ice beasts
  3 swamp drakes
  3 phantoms
  4 ogres
  7 crocodiles
  A necrophage (D:7)
  A wasp (Swamp:1)
  A big kobold (D:7)
  Blork the orc (D:5)
  3 centaurs
  13 giant frogs
  Dowan (D:5)
  2 scorpions
  A water moccasin zombie (D:9)
  35 killer bees
  9 wights (D:9)
  2 giant frog zombies
  3 crimson imps
  A quasit (D:6)
  A centaur zombie (D:6)
  4 orc priests
  A wasp zombie (D:5)
  4 jellies
  2 worker ants
  2 draconian simulacra (IceCv)
  2 hounds
  13 orc wizards
  9 iguanas
  A polar bear simulacrum (IceCv)
  2 spriggan simulacra (IceCv)
  7 troll simulacra (IceCv)
  13 sheep (Lair:3)
  A wolf simulacrum (IceCv)
  3 centaur simulacra (IceCv)
  2 ogre simulacra (IceCv)
  7 gnolls
  4 naga simulacra (IceCv)
  10 river rats
  6 adders
  24 white imps
  An adder skeleton (D:4)
  5 worms
  5 giant geckos
  31 orcs
  3 bats
  4 giant cockroaches
  9 goblins
  9 hobgoblins
  13 kobolds
  7 quokkas
  A giant gecko skeleton (D:4)
  6 giant newts
  7 jackals
  A quokka zombie (D:4)
  7 rats
  A fungus (Lair:3)
504 creatures vanquished.

Vanquished Creatures (others)
  A sky beast (D:8)
  A slave (D:8)
  2 big kobolds (D:8)
  A hound (D:8)
  An adder (D:8)
  7 kobolds (D:8)
  4 bushes (D:9)
  A fungus (D:9)
  11 plants
29 creatures vanquished.

Grand Total: 533 creatures vanquished

Notes
Turn   | Place    | Note
--------------------------------------------------------------
     0 | D:1      | devsta the Human Berserker began the quest for the Orb.
     0 | D:1      | Reached XP level 1. HP: 18/18 MP: 1/1
   116 | D:1      | Reached XP level 2. HP: 24/24 MP: 2/2
   669 | D:1      | Reached XP level 3. HP: 29/29 MP: 3/3
  1018 | D:2      | Reached ** piety under Trog
  1031 | D:2      | Reached skill level 1 in Throwing
  1127 | D:2      | You fall through a shaft!
  1605 | D:2      | Reached XP level 4. HP: 35/35 MP: 4/4
  2875 | D:3      | Reached XP level 5. HP: 36/41 MP: 5/5
  3367 | D:4      | Found a staircase to the Ecumenical Temple.
  3471 | D:4      | Noticed Edmund
  3485 | D:4      | Killed Edmund
  3485 | D:4      | Reached skill level 4 in Maces & Flails
  3485 | D:4      | Reached XP level 6. HP: 48/48 MP: 6/6
  3723 | D:4      | Reached *** piety under Trog
  4070 | D:4      | Found a snail-covered altar of Cheibriados.
  4142 | D:4      | Reached XP level 7. HP: 54/54 MP: 7/7
  4390 | D:4      | Reached skill level 5 in Maces & Flails
  4513 | D:5      | Entered Level 5 of the Dungeon
  4515 | D:5      | Noticed Duvessa
  4515 | D:5      | Noticed Dowan
  4537 | D:5      | Killed Duvessa
  4537 | D:5      | Reached skill level 1 in Stealth
  4543 | D:5      | Killed Dowan
  4543 | D:5      | Reached XP level 8. HP: 61/61 MP: 8/8
  5171 | D:5      | Noticed Blork the orc
  5172 | D:5      | Found Vaap's Antique Armour Boutique.
  5183 | D:5      | Killed Blork the orc
  5228 | D:5      | HP: 3/61 [poisoned by Blork the orc]
  5555 | D:5      | Bought a pair of runed gloves for 121 gold pieces
  5565 | D:5      | Noticed a two-headed ogre
  5574 | D:5      | Killed a two-headed ogre
  5574 | D:5      | Reached skill level 5 in Throwing
  5574 | D:5      | Reached skill level 5 in Armour
  5656 | D:5      | Noticed Grinder
  5661 | D:5      | Paralysed by Grinder for 2 turns
  5667 | D:5      | Paralysed by Grinder for 2 turns
  5678 | D:5      | Killed Grinder
  5678 | D:5      | Reached skill level 6 in Maces & Flails
  5678 | D:5      | Reached XP level 9. HP: 52/67 MP: 9/9
  6011 | D:6      | Reached skill level 5 in Fighting
  6018 | D:6      | Noticed Prince Ribbit
  6038 | D:6      | Killed Prince Ribbit
  6409 | D:6      | Reached **** piety under Trog
  6952 | D:6      | Found a blossoming altar of Fedhas.
  6955 | D:6      | Found a burning altar of Makhleb.
  6955 | D:6      | Found a shattered altar of Ashenzari.
  7153 | D:7      | Received a gift from Trog
  7166 | D:7      | Reached skill level 7 in Maces & Flails
  7168 | D:7      | Reached skill level 1 in Shields
  7177 | D:7      | Reached skill level 1 in Evocations
  7198 | D:7      | Found an iron altar of Okawaru.
  7389 | D:7      | Reached XP level 10. HP: 60/74 MP: 10/10
  7627 | D:7      | Found a stormy altar of Qazlal.
  7819 | D:7      | Reached ***** piety under Trog
  8116 | D:8      | Found Osokh's Antique Weapon Emporium.
  8144 | D:8      | Bought a runed mace for 84 gold pieces
  8169 | D:8      | Noticed Joseph
  8197 | D:8      | Killed Joseph
  8327 | D:8      | Noticed Pikel
  8345 | D:8      | Killed Pikel
  8448 | D:8      | Reached skill level 8 in Maces & Flails
  8686 | D:8      | Noticed Maurice
  8701 | D:8      | Killed Maurice
  8701 | D:8      | Reached skill level 5 in Shields
  8750 | D:8      | Noticed Erica
  8763 | D:8      | Killed Erica
  8763 | D:8      | Reached XP level 11. HP: 83/83 MP: 11/11
  9409 | D:9      | Found Zin's Purification Station.
  9412 | D:9      | Found a glowing silver altar of Zin.
  9492 | D:9      | Received a gift from Trog
  9557 | D:9      | Found a sparkling altar of Nemelex Xobeh.
  9593 | D:9      | Reached skill level 9 in Maces & Flails
  9715 | D:9      | Received a gift from Trog
 10124 | D:9      | Found a staircase to the Lair.
 10992 | D:9      | Reached XP level 12. HP: 87/92 MP: 12/12
 11086 | D:9      | Found a sacrificial altar of Ru.
 11155 | Lair:1   | Entered Level 1 of the Lair of Beasts
 11511 | Lair:1   | Reached skill level 10 in Maces & Flails
 11527 | Lair:1   | Received a gift from Trog
 12465 | Lair:1   | Noticed a four-headed hydra
 12482 | Lair:1   | Killed a four-headed hydra
 13493 | Lair:2   | Noticed a seven-headed hydra
 13524 | Lair:1   | Killed a seven-headed hydra
 13826 | Lair:2   | Reached XP level 13. HP: 100/100 MP: 13/13
 13925 | Lair:2   | Found a frozen archway.
 13955 | Lair:2   | Received a gift from Trog
 13965 | IceCv    | Entered an ice cave
 14148 | IceCv    | Reached skill level 11 in Maces & Flails
 14715 | IceCv    | Reached skill level 10 in Shields
 15071 | IceCv    | Found an ancient bone altar of Kikubaaqudgha.
 15092 | IceCv    | Reached skill level 5 in Dodging
 16897 | Lair:2   | Noticed Gargoyl's ghost (journeyman DsAK)
 16928 | Lair:2   | Killed Gargoyl's ghost
 17932 | Lair:3   | Received a gift from Trog
 18400 | Lair:3   | Reached skill level 12 in Maces & Flails
 18449 | Lair:3   | Reached XP level 14. HP: 32/109 MP: 14/14
 19103 | Lair:3   | Reached ****** piety under Trog
 19120 | Lair:3   | Received a gift from Trog
 19562 | Lair:4   | Found a staircase to the Swamp.
 19596 | Swamp:1  | Entered Level 1 of the Swamp
 20086 | Swamp:1  | Reached skill level 10 in Fighting
 20497 | Swamp:1  | Reached skill level 10 in Armour
 21228 | Swamp:1  | Received a gift from Trog
 21756 | Swamp:2  | Noticed Frances
 22507 | Swamp:2  | Noticed Aizul
 22535 | Swamp:2  | HP: 2/110 [Aizul/poison arrow (29)]
 22536 | Swamp:2  | Killed from afar by Aizul

Action                   |  1- 3 |  4- 6 |  7- 9 | 10-12 | 13-15 || total
-------------------------+-------+-------+-------+-------+-------++-------
Melee: Mace              |    64 |    92 |       |       |       ||   156
       Flail             |       |    52 |   243 |   924 |   982 ||  2201
       Morningstar       |       |       |       |       |   210 ||   210
Throw: Stone             |    81 |    96 |   106 |   101 |    13 ||   397
       Throwing net      |       |     1 |       |       |     6 ||     7
       Tomahawk          |       |       |       |       |    18 ||    18
       Javelin           |       |       |       |       |    14 ||    14
Invok: Berserk           |       |     4 |     3 |     8 |     9 ||    24
       Burn Spellbooks   |       |       |     1 |     1 |       ||     2
       Trog's Hand       |       |       |       |       |     1 ||     1
Evoke: Wand              |       |     2 |     2 |       |     1 ||     5
  Use: Potion            |     2 |       |       |     1 |     6 ||     9
       Scroll            |       |     8 |     2 |     3 |    18 ||    31
 Stab: Distracted        |       |       |       |       |     2 ||     2
  Eat: Chunk             |     1 |     2 |     5 |    10 |     2 ||    20
       Bread ration      |     1 |       |       |       |     6 ||     7
       Meat ration       |       |     2 |     1 |     2 |     1 ||     6
       Beef jerky        |       |       |     1 |       |     1 ||     2
       Pizza             |       |       |     1 |       |       ||     1
       Fruit             |       |       |       |    17 |       ||    17
       Royal jelly       |       |       |       |       |     1 ||     1
